 Dungeon Crawl Stone Soup version 0.30-b1-2-g02819fbbbe (webtiles) character file.

Game seed: 8640646040134699447

466 snakesoul the Digger (level 7, -1/36 HPs)
             Began as a Gargoyle Earth Elementalist on May 29, 2023.
             Was a Follower of Vehumet.
             Slain by an orc
             ... wielding a +0 falchion
              (4 damage)
             ... on level 5 of the Dungeon.
             The game lasted 00:06:52 (3910 turns).

snakesoul the Digger (Gargoyle Earth Elementalist)  Turns: 3910, Time: 00:06:53

Health: -1/36      AC:  6    Str: 11    XL:     7   Next: 8%
Magic:  7/12       EV: 11    Int: 18    God:    Vehumet [*.....]
Gold:   213        SH:  0    Dex: 10    Spells: 3/13 levels left

rFire   . . .        k - +0 sling
rCold   . . .        (no shield)
rNeg    + . .        a - +0 robe
rPois   ∞            (no helmet)
rElec   +            (no cloak)
rCorr   .            (no gloves)
SInv    .            (no boots)
Will    .....        (no amulet)
Stlth   ++           (no ring)
HPRegen 0.26/turn    (no ring)
MPRegen 0.13/turn

%: no passive effects
@: no status effects
A: sickness immunity, AC +4, negative energy resistance 1, electricity
resistance, torment resistance 1, petrification resistance
a: Renounce Religion


You were on level 5 of the Dungeon.
You worshipped Vehumet.
Vehumet was aware of your devotion.
You visited 1 branch of the dungeon, and saw 5 of its levels.

You collected 239 gold pieces.
You spent 26 gold pieces at shops.

Inventory:

Hand Weapons
 d - a +0 whip
 k - a +0 sling (weapon)
Missiles
 m - 17 stones
Armour
 a - a +0 robe (worn)
Scrolls
 c - 6 scrolls of identify
 g - a scroll of acquirement {unknown}
 h - 5 scrolls of enchant armour {unknown}
 i - 2 scrolls of fog {unknown}
 j - 2 scrolls of teleportation {unknown}
 l - 3 scrolls of enchant weapon {unknown}
 p - 2 scrolls of fear {unknown}
 q - a scroll of blinking {unknown}
 r - a scroll of magic mapping {unknown}
 t - a scroll of immolation {unknown}
 u - a scroll of poison {unknown}
Potions
 b - 2 potions of magic
 e - 3 potions of brilliance {unknown}
 f - a potion of curing {unknown}
 n - a potion of resistance {unknown}
 o - a potion of haste {unknown}
 s - a potion of mutation {unknown}


   Skills:
 - Level 1.5 Dodging
 - Level 2.1 Stealth
 + Level 3.9 Spellcasting
 + Level 3.2 Conjurations
 + Level 2.9 Transmutations
 + Level 5.7 Earth Magic


You had 3 spell levels left.
You knew the following spells:

 Your Spells              Type           Power      Damage    Failure   Level
a - Sandblast             Erth           48%        2d12      1%          1
b - Passwall              Tmut/Erth      15%        N/A       3%          2
c - Stone Arrow           Conj/Erth      38%        3d9       7%          3
d - Petrify               Tmut/Erth      19%        N/A       26%         4

Your spell library contained the following spells:

 Spells                   Type           Power      Damage    Failure   Level
 Freeze                   Ice            12%        1d3       16%         1
 Ensorcelled Hibernation  Hex/Ice        6%         N/A       22%         2
 Swiftness                Air            3%         N/A       41%         3


Dungeon Overview and Level Annotations

Branches:
Dungeon (5/15)             Temple (0/1) D:4

Altars:
Uskayaw
Vehumet
Xom

Shops:
D:1 *

Annotations:
D:3 2 transporters, BobG's ghost, amateur HOBe


Innate Abilities, Weirdness & Mutations

You are immune to sickness and miasma.
Your stone body is resilient. (AC +4)
You are immune to poison.
You resist negative energy. (rN+)
You are resistant to electric shocks. (rElec)
You are resistant to unholy torment.
You are immune to petrification.


Message History

The orc hits you but does no damage. The orc closely misses you.
The orc hits you but does no damage.
Casting: Sandblast (safe; 1% risk of failure)
Confirm with . or Enter, or press ? or * to list all spells.
Aiming: Sandblast (safe; 1% risk of failure)
Press: ? - help, Shift-Dir - straight line, f/p - orc
Aim: an orc, wielding a +0 mace of protection and wearing a +0 leather armour (83% to hit)
The blast of sand hits the orc but does no damage.
The orc closely misses you. The orc barely misses you.
The orc hits you with a +0 mace of protection.
The orc hits you with a +0 falchion.
The orc hits you from afar with a +0 trident.
The orc closely misses you.
Casting: Sandblast (safe; 1% risk of failure)
Confirm with . or Enter, or press ? or * to list all spells.
Aiming: Sandblast (safe; 1% risk of failure)
Press: ? - help, Shift-Dir - straight line, f/p - orc
Aim: an orc, wielding a +0 mace of protection and wearing a +0 leather armour (83% to hit)
The blast of sand hits the orc.
The orc is heavily wounded.
The orc hits you but does no damage.
The orc hits you with a +0 mace of protection.
* * * LOW HITPOINT WARNING * * *
The orc hits you but does no damage.
Casting: Sandblast (safe; 1% risk of failure)
Confirm with . or Enter, or press ? or * to list all spells.
Aiming: Sandblast (safe; 1% risk of failure)
Press: ? - help, Shift-Dir - straight line, f/p - orc
Aim: an orc, wielding a +0 mace of protection and wearing a +0 leather armour (heavily wounded, 83% to hit)
The blast of sand hits the orc.
The orc is almost dead.
The orc hits you with a +0 falchion.
* * * LOW HITPOINT WARNING * * *
The orc misses you.
The orc hits you with a +0 mace of protection.
* * * LOW HITPOINT WARNING * * *
The orc hits you from afar with a +0 trident.
* * * LOW HITPOINT WARNING * * *
The orc hits you with a +0 falchion.
You die...

...........#
#.#<...[...
##########.#
#.#)####### #.#
#.#.#######. #.#
#.#......... #.#
#.#..####### #.#
#.......... #.#
########### #o# # #@#
#. #o#
#.############o#
#............oS#
#....[...o...oS####
#.......S.o..........
#.............####.#
#..........^..#
#.............#


You could see an adder, 5 orcs and a ball python.

Vanquished Creatures
  A phantom (D:4)
  2 scorpions (D:4)
  3 orc priests (D:4)
  An orc wizard (D:4)
  An iguana (D:4)
  5 adders
  A shadow imp (D:5)
  A worm (D:2)
  3 dart slugs
  9 orcs
  7 ball pythons
  4 endoplasms
  3 giant cockroaches
  7 goblins
  10 hobgoblins
  5 kobolds
  2 quokkas
  3 bats
  3 frilled lizards
  7 rats
78 creatures vanquished.

Notes
Turn   | Place    | Note
-------+----------+-------------------------------------------
     0 | D:1      | snakesoul the Gargoyle Earth Elementalist began the quest
                  | for the Orb.
     0 | D:1      | Reached XP level 1. HP: 10/10 MP: 3/3
    96 | D:1      | Reached skill level 1 in Transmutations
   220 | D:1      | Reached XP level 2. HP: 15/15 MP: 3/5
   223 | D:1      | Learned a level 2 spell: Passwall
   246 | D:1      | Found Torazenia's General Store.
   250 | D:1      | Bought a scroll of identify for 26 gold pieces
   471 | D:1      | Reached skill level 4 in Earth Magic
   916 | D:2      | Reached XP level 3. HP: 9/19 MP: 2/6
   920 | D:2      | Learned a level 3 spell: Stone Arrow
  1768 | D:3      | Found a transporter.
  1769 | D:3      | Noticed BobG's ghost (amateur HOBe)
  1785 | D:3      | Found a transporter.
  1988 | D:3      | Reached XP level 4. HP: 24/24 MP: 6/8
  2042 | D:3      | Reached skill level 1 in Conjurations
  2461 | D:3      | Found a faded altar of an unknown god.
  2461 | D:3      | Found a faded altar of an unknown god.
  2469 | D:3      | Found a hide-covered altar of Uskayaw.
  2471 | D:3      | Found a radiant altar of Vehumet.
  2473 | D:3      | Found a shimmering altar of Xom.
  2477 | D:3      | Became a worshipper of Vehumet
  2598 | D:4      | Noticed a phantom
  2601 | D:4      | Killed a phantom
  2602 | D:4      | Reached XP level 5. HP: 28/28 MP: 5/9
  2607 | D:4      | Learned a level 4 spell: Petrify
  2717 | D:4      | Reached skill level 5 in Earth Magic
  2750 | D:4      | Found a staircase to the Ecumenical Temple.
  2876 | D:4      | Reached XP level 6. HP: 32/32 MP: 9/11
  3700 | D:5      | Entered Level 5 of the Dungeon
  3714 | D:4      | Reached * piety under Vehumet
  3714 | D:4      | Offered knowledge of Freeze by Vehumet.
  3715 | D:4      | Reached XP level 7. HP: 36/36 MP: 1/12
  3910 | D:5      | Slain by an orc

Illustrated notes

Levels and vault maps discovered:
D:1:      elethiomel_arrival_quiet, layout_rooms, serial_shops,
          nicolae_shop_back_alley_shop
D:2:      layout_basic, chequers_arboretum
D:3:      layout_loops_cross, chequers_temple_overflow_minitemple,
          gammafunk_ghost_stat_death, minmay_misc_feat_five,
          kennysheep_generic_room_15
D:4:      wad_pebble_path, layout_basic, minmay_temple_entry_offerings
D:5:      kennysheep_slugbush, layout_basic, cheibrodos_sewer_entry_sluice,
          uniq_pikel, uniq_crazy_yiuf_cottage, uniq_blork_the_orc

Skill      XL: |  1  2  3  4  5  6 |
---------------+-------------------+-----
Transmutations | 1 2 |  2.9
Earth Magic    | 4 5 |  5.7
Conjurations   | 1 2 3 |  3.2
Spellcasting   | 3 |  3.9
Dodging        | |  1.5
Stealth        | |  2.1

Action                     |  1- 3 |  4- 6 |  7- 9 || total
---------------------------+-------+-------+-------++-------
   Fire: Sling             |    16 |    20 |     6 ||    42
   Cast: Sandblast         |    43 |    59 |    10 ||   112
         Stone Arrow       |       |     1 |       ||     1
 Armour: Robe              |     5 |    13 |     7 ||    25
  Dodge: Dodged            |    13 |     7 |     8 ||    28
